 Dungeon Crawl Stone Soup version 0.18.1-50-g88ac8fd (webtiles) character file.

3411 Chiseanne the Skirmisher (level 9, -4/78 HPs)
             Began as a Centaur Air Elementalist on Oct 20, 2016.
             Was an Initiate of Gozag.
             Slain by a sixfirhy (9 damage)
             ... on level 2 of the Abyss.
             The game lasted 00:29:18 (11664 turns).

Chiseanne the Skirmisher (CeAE)                    Turns: 11664, Time: 00:29:19

Health: -4/78      AC: 10    Str: 17    XL:     9   Next: 76%
Magic:  15/26      EV: 11    Int: 17    God:    Gozag
Gold:   397        SH:  0    Dex:  9    Spells: 3 memorised, 13 levels left

rFire  + + .     SeeInvis .     s - +9 war axe "Moukh" {chop, rF+ Str+5}
rCold  . . .     Gourm    .     G - +2 robe {rF+}
rNeg   . . .     Faith    .     (no shield)
rPois  .         Spirit   .     (no helmet)
rElec  .         Dismiss  .     (no cloak)
rCorr  .         Reflect  .     k - +1 pair of gloves
SustAt .         Harm     .     (no barding)
MR     .....                    (no amulet)
Stlth  ..........               z - ring of magical power
                                q - +2 ring of protection

@: confused, gold aura, very slightly contaminated, glowing, very quick, not
resistant to hostile enchantments, extremely unstealthy
A: hooves 3, deformed body, speed 2, tough skin 3
a: Potion Petition, Call Merchant, Bribe Branch, Renounce Religion


You were on level 2 of the Abyss.
You worshipped Gozag.
Gozag was noncommittal.
You were full.

You visited 2 branches of the dungeon, and saw 9 of its levels.
You visited the Abyss 1 time.

You collected 515 gold pieces.
You paid 118 gold pieces to Gozag.

Inventory:

Hand Weapons
 a - a +2 mace of protection
 s - the +9 war axe "Moukh" (weapon) {chop, rF+ Str+5}
   (You found it on level 7 of the Dungeon)

   It inflicts extra damage upon your enemies.
   It affects your strength (+5).
   It protects you from fire.
 w - a +0 blowgun
Missiles
 e - 326 stones
 h - 81 arrows
 n - 12 tomahawks (quivered)
 o - 6 poisoned needles
 r - 3 needles of confusion
 u - 8 curare-tipped needles
 v - 43 sling bullets
 D - 35 bolts
Armour
 k - a +1 pair of gloves (worn)
 G - a +2 robe of fire resistance (worn)
Jewellery
 q - a +2 ring of protection (left hand)
 z - a ring of magical power (right hand)
Scrolls
 i - 3 scrolls of teleportation
 j - 2 scrolls of identify
 x - 2 scrolls of blinking
 y - 3 scrolls of magic mapping
 F - a scroll of amnesia
 H - 5 scrolls of remove curse
Potions
 d - a potion of flight
 g - a potion of resistance
 l - a potion of curing
 p - a potion of brilliance
 t - 2 potions of ambrosia
Books
 b - a book of Air

   Spells                             Type                      Level
   a - Shock                          Conjuration/Air              1
   b - Swiftness                      Charms/Air                   2
   c - Repel Missiles                 Charms/Air                   2
   d - Static Discharge               Conjuration/Air              3
   e - Lightning Bolt                 Conjuration/Air              5
Comestibles
 c - 6 bread rations
 f - 5 meat rations
 A - 4 beef jerkies
 B - a royal jelly


   Skills:
 - Level 6.6 Fighting
 - Level 5.3 Dodging
 - Level 1.2 Stealth
 * Level 5.8 Spellcasting
 - Level 6.2 Conjurations
 - Level 2.6 Air Magic


You had 13 spell levels left.
You knew the following spells:

 Your Spells              Type           Power        Failure   Level  Hunger
a - Shock                 Conj/Air       ###.         2%          1    None
b - Static Discharge      Conj/Air       ###.....     10%         3    ##.....
c - Repel Missiles        Chrm/Air       #.....       14%         2    None


Dungeon Overview and Level Annotations

Branches:
Dungeon (8/15)             Temple (1/1) D:7
   Lair: D:8-11

Altars:
Ashenzari
Cheibriados
Dithmenos
Elyvilon
Fedhas
Gozag
Kikubaaqudgha
Makhleb
Nemelex Xobeh
Okawaru
Pakellas
Qazlal
Ru
Sif Muna
Trog
Vehumet
Xom
Yredelemnul
Zin
The Shining One

Shops:
D:5 *

Annotations:
D:8 Joseph


Innate Abilities, Weirdness & Mutations

You have hooves in place of feet.
Armour fits poorly on your strangely shaped body.
You cover ground very quickly.
You have extremely tough skin (AC +3).


Message History

You now have 358 gold pieces (gained 26).
You now have 397 gold pieces (gained 39).
A golden eye, a sixfirhy, a neqoxec and a ynoxinul come into view.
The ynoxinul bellows!
The neqoxec shouts!
The golden eye turns its gaze towards you.
You hear a shout!
Something hits you.
* * * LOW HITPOINT WARNING * * *
Deactivating autopickup; reactivate with Ctrl-A.
The sixfirhy hits you but does no damage.
The golden eye blinks at you.
You are confused.
Found a potion of ambrosia, a shiny plate armour and a dark potion.
A neqoxec, a ynoxinul, a rakshasa and a daeva come into view.
You see here a scroll of identify.
You're too confused to move!
The sixfirhy hits you.
* * * LOW HITPOINT WARNING * * *
The sixfirhy shocks you!
You die...
Your body crumbles into a pile of gold.

... ..# ..# #.
#.. ## #
.≈##... ..#.
#R.3#[.≈..
...##
#.#3#?... #...
######(.4# ..
#.....#@#
.###..§..#G3A#
....##≈.##3##
# ##..#..# ##
## ##.....#
#.........#
#..##...### #
.##∩..#
#....... .


You could see a daeva, a rakshasa, a sixfirhy, 2 neqoxecs, 2 ynoxinuls and a
golden eye.

Vanquished Creatures
  Pikel (D:6)
  Prince Ribbit (D:5)
  Duvessa (D:5)
  A sky beast (D:6)
  2 ice beasts (D:5)
  A necrophage (D:4)
  An eye of draining (D:7)
  6 ogres
  A centaur (D:5)
  A giant frog (D:7)
  Dowan (D:5)
  A wyvern skeleton (D:6)
  3 scorpions
  5 killer bees (D:7)
  A howler monkey (D:4)
  3 crimson imps
  3 giant frog zombies
  3 hounds
  A jelly (D:5)
  2 orc priests (D:3)
  3 orc wizards
  A centaur skeleton (D:6)
  A giant frog skeleton (D:8)
  Jessica (D:3)
  Ijyb (D:3)
  Terence (D:2)
  An iguana (D:4)
  Natasha (thrice) (D:2)
  3 worker ants
  8 adders
  9 gnolls
  2 worms
  6 giant geckos
  22 orcs
  10 bats
  3 giant cockroaches
  10 hobgoblins
  4 jackals (D:2)
  9 kobolds
  4 quokkas
  A ball python (D:4)
  A giant gecko skeleton (D:5)
  7 giant newts
  7 goblins
  A jackal skeleton (D:5)
  A quokka skeleton (D:4)
  A quokka zombie (D:8)
  20 rats
180 creatures vanquished.

Vanquished Creatures (others)
  2 slaves (D:6)
  A howler monkey (D:6)
  An adder (D:6)
  2 orcs (D:6)
  A jackal zombie (D:6)
7 creatures vanquished.

Grand Total: 187 creatures vanquished

Notes
Turn   | Place    | Note
--------------------------------------------------------------
     0 | D:1      | Chiseanne the Centaur Air Elementalist began the quest for the Orb.
     0 | D:1      | Reached XP level 1. HP: 14/14 MP: 3/3
    18 | D:1      | Reached skill level 1 in Conjurations
   127 | D:1      | Reached XP level 2. HP: 21/22 MP: 0/4
   546 | D:1      | Reached skill level 1 in Fighting
   741 | D:1      | Reached XP level 3. HP: 28/28 MP: 3/5
   768 | D:1      | Learned a level 3 spell: Static Discharge
  1400 | D:2      | Noticed Natasha
  1419 | D:2      | Killed Natasha
  1419 | D:2      | Reached XP level 4. HP: 21/36 MP: 1/7
  1640 | D:2      | Found a deep blue altar of Sif Muna.
  1812 | D:2      | Noticed Natasha
  1821 | D:2      | Killed Natasha
  2051 | D:2      | Learned a level 2 spell: Repel Missiles
  2431 | D:2      | Noticed Terence
  2440 | D:2      | Noticed Natasha
  2464 | D:2      | Killed Terence
  2464 | D:2      | Reached XP level 5. HP: 24/42 MP: 1/8
  2800 | D:2      | Killed Natasha
  3141 | D:3      | Noticed Jessica
  3150 | D:3      | Killed Jessica
  3440 | D:3      | Noticed Ijyb
  3461 | D:3      | Killed Ijyb
  3591 | D:3      | Reached XP level 6. HP: 39/50 MP: 0/10
  5036 | D:4      | Reached XP level 7. HP: 45/57 MP: 1/12
  6246 | D:5      | Entered Level 5 of the Dungeon
  6584 | D:5      | Reached XP level 8. HP: 59/66 MP: 0/13
  7074 | D:5      | Found Xacloow's General Store.
  7185 | D:5      | Noticed Prince Ribbit
  7200 | D:5      | Killed Prince Ribbit
  7381 | D:5      | Reached skill level 5 in Fighting
  7719 | D:5      | Noticed Dowan
  7750 | D:5      | Noticed Duvessa
  7772 | D:5      | Killed Duvessa
  7782 | D:5      | Killed Dowan
  7782 | D:5      | Reached skill level 5 in Conjurations
  8042 | D:5      | Found a sacrificial altar of Ru.
  8928 | D:6      | Reached XP level 9. HP: 72/74 MP: 0/16
  9097 | D:6      | Noticed Pikel
  9129 | D:6      | Killed Pikel
  9129 | D:6      | Reached skill level 5 in Spellcasting
  9748 | D:6      | Found a shadowy altar of Dithmenos.
  9861 | D:6      | Found a shattered altar of Ashenzari.
  9861 | D:6      | Found a shimmering altar of Xom.
  9953 | D:6      | Reached skill level 5 in Dodging
 10961 | D:7      | Found a staircase to the Ecumenical Temple.
 11027 | D:7      | Got an iridescent war axe
 11065 | Temple   | Entered the Ecumenical Temple
 11116 | Temple   | Became a worshipper of Gozag Ym Sagoz the Greedy
 11118 | Temple   | Identified the +9 war axe "Moukh" {chop, rF+ Str+5} (You found it on level 7 of the Dungeon)
 11501 | D:8      | Found a shattered altar of Ashenzari.
 11629 | D:8      | Noticed Joseph
 11650 | D:8      | Cast into level 2 of the Abyss (Joseph)
 11650 | Abyss:2  | Found a corrupted altar of Lugonu.
 11663 | Abyss:2  | Noticed a sixfirhy
 11664 | Abyss:2  | Noticed a rakshasa
 11664 | Abyss:2  | Noticed a daeva
 11664 | Abyss:2  | Slain by a sixfirhy

Skill      XL: |  1  2  3  4  5  6  7  8  9 |
---------------+----------------------------+-----
Conjurations   | 1 2 3 4 5 6 |  6.2
Fighting       | 1 2 3 4 5 6 |  6.6
Spellcasting   | 2 3 4 5 |  5.8
Dodging        | 2 3 4 5 |  5.3
Stealth        | |  1.2
Air Magic      | |  2.6

Action                   |  1- 3 |  4- 6 |  7- 9 || total
-------------------------+-------+-------+-------++-------
Melee: Unarmed           |    29 |       |       ||    29
       Kick              |     6 |    20 |    40 ||    66
       Club              |    12 |       |       ||    12
       Short sword       |    23 |    27 |       ||    50
       Hand axe          |       |   119 |   147 ||   266
       Mace              |       |       |    22 ||    22
       Whip              |       |       |    19 ||    19
       War axe           |       |       |    14 ||    14
 Fire: Blowgun           |       |       |    11 ||    11
 Cast: Shock             |    66 |   157 |   227 ||   450
       Repel Missiles    |       |     1 |     2 ||     3
       Static Discharge  |       |     6 |    61 ||    67
  Use: Scroll            |     5 |     4 |     8 ||    17
       Potion            |       |       |     5 ||     5
  Eat: Chunk             |     2 |    13 |    21 ||    36
       Fruit             |       |       |     5 ||     5
       Royal jelly       |       |       |     1 ||     1
       Pizza             |       |       |     1 ||     1
Armor: Robe              |    35 |    77 |   138 ||   250
Dodge: Dodged            |    40 |   116 |   186 ||   342
       Deflected         |       |     1 |     3 ||     4
